 Dungeon Crawl Stone Soup version 0.31-a0-96-g196d5507e3 (webtiles) character file.

Game seed: 15882112824613048728

25 Colgate the Grave Robber (level 3, 0/26 HPs)
             Began as a Meteoran Necromancer on May 25, 2023.
             Killed from afar by a white imp (14 damage)
             ... with a puff of frost
             ... on level 3 of the Dungeon on May 26, 2023.
             The game lasted 00:09:33 (502 turns).

Colgate the Grave Robber (Meteoran Necromancer)      Turns: 502, Time: 00:09:33

Health: 0/26       AC:  2    Str:  9    XL:     3   Next: 35%
Magic:  7/9        EV: 17    Int: 19    God:
Gold:   49         SH:  0    Dex: 14    Spells: 6/10 levels left

rFire   . . .        k - +1 dagger (speed)
rCold   . . .        (no shield)
rNeg    . . .        a - +0 robe
rPois   .            (no helmet)
rElec   .            (no cloak)
rCorr   .            (no gloves)
SInv    .            (no boots)
Will    .....        (no amulet)
Stlth   +            e - +5 ring of evasion
HPRegen 0.24/turn    (no ring)
MPRegen 0.11/turn

%: no passive effects
@: glowing
A: sense surroundings 1, otherworldly, glowing, explore regen
a: no special abilities


You were on level 3 of the Dungeon.
You visited 1 branch of the dungeon, and saw 3 of its levels.

You collected 49 gold pieces.

Inventory:

Hand Weapons
 i - a +0 hand axe
 k - a +1 dagger of speed (weapon)
Armour
 a - a +0 robe (worn)
 m - the +9 chain mail of Ubiquitous Leaves {rCorr}
   (You found it on level 3 of the Dungeon)

   rCorr:     It protects you from acid and corrosion.
Magical Staves
 h - a staff of conjuration
Jewellery
 e - a +5 ring of evasion (left hand)
Scrolls
 d - 2 scrolls of torment {unknown}
 f - 2 scrolls of identify {unknown}
 g - a scroll of brand weapon {unknown}
 l - a scroll of teleportation {unknown}
Potions
 b - a potion of magic
 c - a potion of enlightenment {unknown}
 j - 2 potions of degeneration {unknown}
 n - a potion of curing {unknown}
 o - a potion of attraction {unknown}


   Skills:
 - Level 2.4 Dodging
 - Level 1.4 Stealth
 + Level 4.3 Spellcasting
 - Level 4.3 Necromancy


You had 6 spell levels left.
You knew the following spells:

 Your Spells              Type           Power      Damage    Failure   Level
a - Necrotise             Necr           80%        1d8       2%          1
b - Vampiric Draining     Necr           20%        2d7       7%          3

Your spell library contained the following spells:

 Spells                   Type           Power      Damage    Failure   Level
 Sting                    Tmut/Pois      8%         1d3       17%         1
 Searing Ray              Conj           8%         2d4       21%         2
 Animate Dead             Necr           20%        N/A       22%         4
 Poisonous Vapours        Pois/Air       4%         N/A       26%         2
 Static Discharge         Conj/Air       4%         2-3/arc   26%         2
 Agony                    Necr           20%        N/A       52%         5
 Olgreb's Toxic Radiance  Pois           4%         N/A       78%         4
 Flame Wave               Conj/Fire      2%         2d4       86%         4
 Iskenderun's Mystic Bla  Conj/Tloc      2%         2d3       86%         4


Dungeon Overview and Level Annotations

Branches:
Dungeon (3/15) Zot: 1299

Altars:
Dithmenos

Annotations:
D:3 Grinder


Innate Abilities, Weirdness & Mutations

You passively map a small area around you.
You are easily found by Zot.
You glow in the dark.
You regain HP and MP as you explore.


Message History

Found a scroll labelled PIBOVU ICOIV.
f - 2 scrolls labelled PIBOVU ICOIV (gained 1)
An orc comes into view. It is wielding a +0 flail.
The orc shouts!
The orc writhes in agony!
You kill the orc!
The dead are walking!
You see here a +0 flail.
Item here: a +0 flail.
The floor.
Unknown command.
Unknown command.
Found a black potion.
Your orc skeleton crumbles into dust!
j - 2 black potions (gained 1)
A white imp comes into view.
The white imp shouts, "Scamper hence, thou defiled moon-mazed crab-lanthorn!"
An orc comes into view. It is wielding a +0 hand axe.
The orc shouts!
An endoplasm comes into view.
The orc writhes in agony.
The orc writhes in agony.
You kill the orc!
The dead are walking!
Grinder comes into view.
Here: Grinder The floor.
Unknown command.
Your orc skeleton hits the endoplasm.
The white imp gestures at you. The puff of frost hits you!
Your orc skeleton hits the endoplasm but does no damage.
Your orc skeleton hits the endoplasm.
The endoplasm jiggles.
The white imp attacks as you move away! The white imp hits you.
The white imp freezes you. The white imp gestures at you.
The puff of frost hits you!
Ouch! That really hurt!
You die...

#.# #)# ### #.# #.# #.#
#.# , * * ###### #.# #.#
,,....## #.# #.# ... #
#####...# #.# #.#
...,.....5.....# ##.###Z#
#..,....Z###...####...##.#
#5# #.).J...5.@........#
#.# #######.#####...####
#.# #........## #.#
#.######## #.# #.#
#.###########.#
#......5......#
###############


You could see Grinder, a white imp and an endoplasm.

Vanquished Creatures
  2 orcs (D:3)
  3 bats (D:1)
  A giant cockroach (D:1)
  4 goblins
  2 hobgoblins
  A quokka (D:3)
  2 ball pythons (D:1)
  A kobold (D:1)
  2 rats
18 creatures vanquished.

Vanquished Creatures (collateral kills)
  A dart slug (D:1)
1 creature vanquished.

Grand Total: 19 creatures vanquished

Notes
Turn   | Place    | Note
-------+----------+-------------------------------------------
     0 | D:1      | Colgate the Meteoran Necromancer began the quest for the
                  | Orb.
     0 | D:1      | Reached XP level 1. HP: 14/14 MP: 5/5
   131 | D:1      | Reached XP level 2. HP: 20/20 MP: 5/7
   200 | D:1      | Got the Textbook on Battling and Burning
   237 | D:2      | Reached XP level 3. HP: 26/26 MP: 3/9
   276 | D:1      | Learned a level 3 spell: Vampiric Draining
   297 | D:3      | Found a shadowy altar of Dithmenos.
   341 | D:3      | Identified the +9 chain mail of Ubiquitous Leaves {rCorr}
   497 | D:3      | Noticed Grinder
   502 | D:3      | Killed from afar by a white imp

Illustrated notes

Levels and vault maps discovered:
D:1:      lemuel_arrival_behind_the_door_small, layout_basic,
          minmay_tiny_reverse_x
D:2:      layout_loops_ring, uniq_robin
D:3:      layout_loops_ring, nicolae_dithmenos_shadow_blocks,
          kennysheep_crisscross, dk_vineyard_2, uniq_grinder

Skill      XL: |  1  2 |
---------------+-------+-----
Spellcasting   | 3 4 |  4.3
Dodging        | |  2.4
Stealth        | |  1.4
Necromancy     | |  4.3

Action                     || total
---------------------------++-------
  Melee: Unarmed           ||     7
         Dagger            ||     4
   Cast: Necrotise         ||    29
 Armour: Robe              ||     8
  Dodge: Dodged            ||    12

Table legend: (Time is in decaauts)
 A = Elapsed time spent in this place.
 B = Non-inter-level travel time spent in this place.
 C = Inter-level travel time spent in this place.
 D = Time resting spent in this place.
 E = Time spent auto-exploring this place.
 F = Levels seen in this place.
 G = Mean time per level.
                   A        B        C        D        E       F      G
               +--------+--------+--------+--------+--------+-----+--------+
         Total |    499 |    499 |      0 |      0 |      0 |   3 |  166.3 |
       Dungeon |    499 |    499 |      0 |      0 |      0 |   3 |  166.3 |
               +--------+--------+--------+--------+--------+-----+--------+

Top non-repeatable levels by time:
     D:1: 263 daAuts
     D:3: 215 daAuts
     D:2: 21 daAuts
